 Dungeon Sprint DCSS version 0.24-a0-246-gb963c9a (webtiles) character file.

Game seed: 8670313544320656698

139 MikeHunt the Grappler (level 5, -24/43 (45) HPs)
             Began as a Ghoul Monk on Apr 12, 2019.
             Annihilated by a shadow (31 damage)
             ... in the Dungeon (Sprint III: "The Ten Rune Challenge").
             The game lasted 00:00:59 (186 turns).

MikeHunt the Grappler (Ghoul Monk)                   Turns: 186, Time: 00:01:00

HP:   -24/43 (45)   AC:  2    Str: 15    XL:     5   Next: 22%
MP:   4/4           EV: 13    Int:  5    God:
Gold: 28            SH:  0    Dex: 12    Spells: 4/4 levels left

rFire    . . .     SeeInvis .     - Unarmed
rCold    + . .     Gourm    .   (no shield)
rNeg     + + +     Faith    .   a - +0 robe
rPois    ∞         Spirit   .   (no helmet)
rElec    .         Reflect  .   (no cloak)
rCorr    .         Harm     .   (no gloves)
MR       .....     NoTele   +   (no boots)
Stlth    ++........             (no amulet)
HPRegen  0.00/turn              (no ring)
MPRegen  0.09/turn              (no ring)

@: rotting
A: rotting body, claws 1, carnivore, cold resistance 1, negative energy
resistance 3, inhibited regeneration, torment resistance, unbreathing
a: no special abilities


You were in the Dungeon.
You were not hungry.

You visited 1 branch You collected 28 gold pieces.

Inventory:

Armour
 a - a +0 robe (worn)
Scrolls
 d - 3 scrolls of holy word {unknown}
 h - a scroll of blinking
 i - 4 scrolls of identify
 j - a scroll of remove curse {unknown}
 l - a scroll of enchant weapon {unknown}
Potions
 c - a potion of curing
 e - a potion of haste
 f - 2 potions of magic
 g - a potion of berserk rage
 k - 2 potions of flight
 m - a potion of lignification {unknown}
Comestibles
 b - 3 rations


   Skills:
 - Level 3.2 Fighting
 - Level 2.6 Dodging
 - Level 2.1 Stealth
 + Level 11.2 Unarmed Combat


You had 4 spell levels left.
You didn't know any spells.
Your spell library was empty.

Dungeon Overview and Level Annotations

Branches:
Dungeon (1/1)

Altars:


Innate Abilities, Weirdness & Mutations

Your body is rotting away.
You thrive on raw meat.
You are immune to poison.
You have sharp fingernails.
You are carnivorous and can eat meat at any time.
Your flesh is cold resistant. (rC+)
You are immune to negative energy. (rN+++)
You do not regenerate when monsters are visible.
You are immune to unholy pain and torment.
You can survive without breathing.


Message History

You are too injured to fight recklessly!
You claw the jelly!
Your claws burn!
The jelly is almost dead.
The jelly hits you.
You are splashed with acid!
* * * LOW HITPOINT WARNING * * *
You claw the jelly!
You kill the jelly!
Your Unarmed Combat skill increases to level 11!
You have reached level 5!
You feel stronger. The shadow hits you.
* * * LOW HITPOINT WARNING * * *
You barely miss the shadow.
The shadow slips into darkness.
The shadow flickers and vanishes!
Deactivating autopickup; reactivate with Ctrl-A.
You scratch something.
The shadow strikes at you from the darkness!
Ouch! That really hurt!
You die...

▓▓▓ ##.# ####..#
#!!#..#
#..#..###+#+###+##
##'#..#..........#
###...'.⌠........#
###...#...######@#
##....#.⌠.# #.{.#
#.....#...# #...#
......#+### #...#
#.....# #..%+
##....# +...#
▓▓▓▓▓▓ ▓▓▓▓▓


There were no monsters in sight!

Vanquished Creatures
  A water elemental (D)
  A jelly (D)
  Jessica (D)
  A human (D)
  An ooze (D)
  A phantom (D)
  2 rats (D)
8 creatures vanquished.

Vanquished Creatures (others)
  2 draconian scorchers (D)
  4 hellions (D)
  A yaktaur (D)
7 creatures vanquished.

Grand Total: 15 creatures vanquished

Notes
Turn   | Place    | Note
-------+----------+-------------------------------------------
     0 | D        | MikeHunt the Ghoul Monk began the quest for the Orb.
     0 | D        | Reached XP level 1. HP: 19/19 MP: 0/0
    11 | D        | Reached skill level 5 in Unarmed Combat
    28 | D        | Noticed Jessica
    42 | D        | Killed Jessica
    42 | D        | Reached skill level 7 in Unarmed Combat
    42 | D        | Reached XP level 2. HP: 24/26 MP: 1/1
    42 | D        | Reached XP level 3. HP: 29/31 MP: 2/2
    79 | D        | HP: 1/31 [human (4)]
    81 | D        | Reached skill level 8 in Unarmed Combat
    92 | D        | Killed a yaktaur
   105 | D        | Killed a hellion
   106 | D        | Killed a hellion
   106 | D        | Killed a hellion
   143 | D        | Killed a white draconian scorcher
   161 | D        | Noticed a water elemental
   163 | D        | Killed a hellion
   165 | D        | Killed a water elemental
   165 | D        | Reached skill level 10 in Unarmed Combat
   165 | D        | Reached XP level 4. HP: 36/36 MP: 3/3
   170 | D        | Killed a white draconian scorcher
   181 | D        | Noticed a shadow
   184 | D        | Reached skill level 11 in Unarmed Combat
   184 | D        | Reached XP level 5. HP: 9/43 MP: 4/4
   186 | D        | Annihilated by a shadow

Levels and vault maps discovered:
D:        dungeon_sprint_mu [sprint_mu_entry_cave, sprint_mu_temple_rooms,
          sprint_mu_d1_horrors, sprint_mu_d2_genie, sprint_mu_d3_branching,
          sprint_mu_orc_legion, sprint_mu_elf_gauntlet, sprint_mu_hive_nellie,
          sprint_mu_lair_fedhas, sprint_mu_vaults_butterflies,
          sprint_mu_slime_circle, sprint_mu_swamp_cave, sprint_mu_snake_twists,
          sprint_mu_blade_basic, sprint_mu_crypt_lich, sprint_mu_tomb_spiral,
          sprint_mu_vestibule_basic, sprint_mu_gehenna_hellfire,
          sprint_mu_dis_giant, sprint_mu_tartarus_statrot,
          sprint_mu_cocytus_islands, sprint_mu_zot1]

Skill      XL: |  1  2  3  4 |
---------------+-------------+-----
Unarmed Combat | 7 10 11 | 11.2
Fighting       | |  3.2
Dodging        | |  2.6
Stealth        | |  2.1

Action                   |  1- 3 |  4- 6 || total
-------------------------+-------+-------++-------
Melee: Unarmed           |    33 |     5 ||    38
  Use: Potion            |     1 |       ||     1
 Stab: Sleeping          |     1 |       ||     1
  Eat: Chunk             |     1 |       ||     1
Armor: Robe              |       |     1 ||     1
Dodge: Dodged            |    20 |       ||    20

Table legend:
 A = Non-vault XP
 B = Vault XP
 C = Vault XP percentage of total XP
 D = Non-vault monster count
 E = Vault monster count
 F = Vault count percentage of total count
                 A         B        C        D         E       F
            +---------+---------+-------+---------+---------+-------
      Total |       0 |     199 | 100.0 |       0 |       8 | 100.0
            +---------+---------+-------+---------+---------+-------
          D |       0 |     199 | 100.0 |       0 |       8 | 100.0
            +---------+---------+-------+---------+---------+-------
